AoeStats
← DIABLO

Arena

509640478Analyzed
4v4 RM · 3d ago on Sep 27, 2026· 43m 57s· 8 players
Game mode
Random Map
Map size
Large (8 player)
Population
200
Speed
Normal
Resources
Standard
Victory
Conquest
Starting age
Dark Age
Ending age
Imperial Age
RankedLock teamsTeams togetherTeam positionsShared explorationLock speedFull tech treeHidden civsTurbo modeCheats
Victory
Defeat
🇨🇳 Franks · China
1416
+15
🇨🇳 Portuguese · China
1364
+17
🇹🇷 Wei · Türkiye
1363
+17
🇨🇳 Magyars · China
1340
+17
🇹🇼 Varangians · Taiwan
1402
-17
🇦🇷 Teutons · Argentina
1400
-18
1380
-16
🇹🇼 Danes · Taiwan
1344
-15
DIABLO
10:33 Feudal Age
13:14 Loom
13:18 Double-Bit Axe
14:01 Fletching
17:57 Castle Age
23:56 Bow Saw
31:32 Padded Archer Armor
31:35 Bodkin Arrow
33:30 Gold Mining
36:30 Ballistics
38:43 Thumb Ring
39:14 Fervor
39:38 Padded Archer Armor
41:48 Wheelbarrow
43:50 Imperial Age
41:59 Leather Archer Armor
44:31 Bracer
45:36 Chemistry
車
7:48 Loom
10:04 Feudal Age
11:40 Man-at-Arms
16:43 Castle Age
15:08 Horse Collar
23:34 Imperial Age
22:58 Double-Bit Axe
23:06 Gold Mining
23:06 Stone Mining
25:17 Chemistry
31:07 Stone Shaft Mining
31:01 Fortified Wall
32:01 Bow Saw
33:13 Treadmill Crane
36:20 Wheelbarrow
37:21 Hand Cart
37:23 Siege Engineers
42:48 Capped Ram
700分明星选手
10:30 Feudal Age
14:14 Castle Age
12:35 Double-Bit Axe
13:24 Horse Collar
14:58 Wheelbarrow
16:03 Loom
21:50 Town Watch
23:34 Bow Saw
24:15 Heavy Plow
25:34 Gold Mining
29:33 Imperial Age
27:40 Hand Cart
28:17 Gold Shaft Mining
27:44 Fletching
28:18 Bodkin Arrow
28:23 Padded Archer Armor
28:58 Ballistics
29:36 Bloodlines
29:26 Husbandry
29:34 Thumb Ring
30:38 Bracer
31:41 Chemistry
31:12 Parthian Tactics
31:47 Conscription
31:15 Heavy Cavalry Archer
32:17 Leather Archer Armor
33:24 Two-Man Saw
32:56 Crop Rotation
32:44 Stone Mining
33:41 Recurve Bow
36:31 Ring Archer Armor
36:06 Scale Barding Armor
35:38 Pikeman
36:04 Arson
37:13 Elite Magyar Huszar
38:33 Corvinian Army
39:01 Chain Barding Armor
42:01 Plate Barding Armor
40:53 Onager
43:12 Siege Engineers
用爱感化队友
10:27 Feudal Age
14:30 Castle Age
12:19 Double-Bit Axe
15:48 Bow Saw
20:12 Wheelbarrow
20:12 Gold Mining
21:17 Scale Barding Armor
22:09 Chain Barding Armor
23:00 Town Watch
24:17 Husbandry
25:07 Loom
26:17 Forging
29:46 Gold Shaft Mining
29:01 Stone Mining
29:57 Hand Cart
30:58 Stone Mining
30:46 Light Cavalry
35:22 Imperial Age
35:38 Iron Casting
35:37 Cavalier
36:39 Conscription
37:01 Plate Barding Armor
38:23 Blast Furnace
37:13 Fletching
37:24 Padded Archer Armor
43:16 Chivalry
43:04 Paladin
11HQQQQ
10:45 Feudal Age
9:15 Loom
21:39 Castle Age
19:44 Horse Collar
19:50 Double-Bit Axe
21:48 Gold Mining
22:25 Scale Mail Armor
24:07 Chain Mail Armor
26:37 Town Watch
32:00 Bow Saw
31:51 Heavy Plow
34:51 Forging
34:48 Scale Barding Armor
38:37 Wheelbarrow
41:29 Imperial Age
39:00 Stone Mining
40:03 Chain Barding Armor
41:19 Bloodlines
41:49 Cavalier
42:03 Cavalier
疫拳抄人
10:12 Feudal Age
10:58 Double-Bit Axe
14:07 Castle Age
12:22 Double-Bit Axe
12:18 Horse Collar
14:57 Bow Saw
14:48 Heavy Plow
15:41 Wheelbarrow
21:09 Town Watch
25:04 Hand Cart
29:31 Imperial Age
27:11 Loom
29:04 Scale Mail Armor
29:14 Forging
29:49 Gambesons
30:04 Squires
29:50 Arson
29:34 Capped Ram
30:30 Chain Mail Armor
29:40 Elite Varangian Guard
30:26 Gold Mining
31:46 Iron Casting
30:50 Siege Ram
32:51 Plate Mail Armor
34:05 Blast Furnace
33:15 Heavy Scorpion
35:08 Fletching
34:43 Man-at-Arms
34:43 Pikeman
36:34 Two-Man Saw
36:05 Crop Rotation
36:01 Bodkin Arrow
35:34 Gothikon
36:35 Conscription
37:07 Ballistics
37:47 Chemistry
37:09 Siege Engineers
38:39 Bracer
38:50 Treadmill Crane
40:23 Halberdier
41:45 Town Patrol
42:35 Padded Archer Armor
42:20 Elite Skirmisher
43:10 Murder Holes
SKYRIM
11:28 Feudal Age
12:32 Double-Bit Axe
15:34 Castle Age
13:42 Horse Collar
14:18 Loom
17:01 Bow Saw
25:31 Heavy Plow
28:27 Squires
28:28 Pikeman
31:07 Scale Mail Armor
35:01 Imperial Age
33:12 Wheelbarrow
32:39 Stone Mining
33:01 Town Watch
33:23 Scale Barding Armor
33:33 Chain Mail Armor
34:30 Arson
34:57 Forging
35:06 Halberdier
35:37 Onager
36:32 Capped Ram
38:05 Plate Mail Armor
39:24 Gold Mining
40:59 Elite Jomsviking
42:02 Hand Cart
TEUTONEN(儒门学习版)
6:02 Loom
9:04 Feudal Age
9:34 Double-Bit Axe
11:41 Fletching
17:41 Horse Collar
24:28 Castle Age
26:37 Wheelbarrow
28:53 Bow Saw
31:50 Heavy Plow
38:12 Imperial Age
36:32 Bloodlines
36:28 Scale Barding Armor
36:33 Forging
36:40 Gold Mining
37:35 Hand Cart
38:58 Chain Barding Armor
39:13 Iron Casting
38:22 Cavalier
42:27 Chemistry
42:38 Plate Barding Armor
43:04 Blast Furnace
Connection lost

Rejoining the realm…

Still unreachable

The connection could not be restored.

Session expired

The server has moved on; the page needs a fresh start.